 Dungeon Crawl Stone Soup version 0.16.1-2-g95b8d4c (webtiles) character file.

901 wojtek the Slicer (level 8, -6/49 HPs)
             Began as a Kobold Assassin on Mar 26, 2015.
             Mangled by an orc warrior
             ... wielding a +0 dire flail
              (21 damage)
             ... on level 6 of the Dungeon.
             The game lasted 00:12:11 (7443 turns).

wojtek the Slicer (Kobold Assassin)                 Turns: 7443, Time: 00:12:11

Health: -6/49      AC:  9    Str: 12    XL:     8   Next: 28%
Magic:  8/8        EV: 18    Int: 11    God:
Gold:   215        SH:  0    Dex: 17    Spells: 0 memorised, 7 levels left

rFire  . . .     SeeInvis .     a - +2 dagger
rCold  . . .     Clarity  .     c - +0 robe
rNeg   + . .     SustAb   .     (no shield)
rPois  .         Gourm    .     (no helmet)
rElec  .         Spirit   .     d - +0 cloak
rCorr  .         Warding  +     (no gloves)
rMut   .         Stasis   .     m - +1 pair of boots
MR     .....                    j - amulet of warding
Stlth  +++.......               l - +4 ring of protection
                                i - +2 ring of strength

@: not resistant to hostile enchantments, fairly stealthy
A: carnivore 3
a: no special abilities


You were on level 6 of the Dungeon.
You were full.

You visited 1 branch of the dungeon, and saw 6 of its levels.

You collected 215 gold pieces.

Inventory:

Hand weapons
 a - a +2 dagger (weapon)
 b - a +0 blowgun
Missiles
 f - 9 curare-tipped needles {=f}
Armour
 c - a +0 robe (worn)
 d - a +0 cloak (worn)
 m - a +1 pair of boots (worn)
 I - a troll hide
Jewellery
 i - a +2 ring of strength (left hand)
 j - an amulet of warding (around neck)
 l - a +4 ring of protection (right hand)
 F - an uncursed ring of ice {unknown}
Magical devices
 h - a wand of fireball (5)
Scrolls
 e - a scroll of acquirement {unknown}
 k - a scroll of blinking
 o - a scroll of noise
 u - 2 scrolls of teleportation {unknown}
 v - a scroll of enchant weapon
 x - 2 scrolls of amnesia {unknown}
 y - 7 scrolls of identify
 C - a scroll of immolation {unknown}
 D - a scroll of random uselessness {unknown}
 E - 2 scrolls of fog {unknown}
 K - a scroll of vulnerability {unknown}
Potions
 n - a potion of ambrosia {unknown}
 p - a potion of beneficial mutation {unknown}
 q - a potion of curing {unknown}
 s - a potion of poison {unknown}
 t - a potion of brilliance {unknown}
 w - a potion of berserk rage {unknown}
 z - a potion of cure mutation {unknown}
 A - a potion of heal wounds {unknown}
 B - 3 potions of might {unknown}
 J - a potion of resistance {unknown}
Comestibles
 g - 4 meat rations
 r - 2 beef jerkies
 H - a slice of pizza


   Skills:
 + Level 5.0 Fighting
 - Level 9.1 Short Blades
 - Level 2.6 Throwing
 + Level 5.0 Dodging
 - Level 5.3 Stealth


You had 7 spell levels left.
You didn't know any spells.

Dungeon Overview and Level Annotations

Branches:
Dungeon (7/15)
 Temple: D:4-7

Altars:
Ashenzari
Dithmenos
Kikubaaqudgha
Nemelex Xobeh
The Shining One

Annotations:
D:1 ice beast
D:3 Rayvis' ghost, average DsFi
D:7 exclusions: ice beast and kobold


Innate Abilities, Weirdness & Mutations

You are small and have problems with some larger weapons.
You are carnivorous and can eat meat at any time.


Message History

Aim: an orc warrior, wielding a dire flail and wearing a chain mail (severely wounded)
Okay, then.
Wield which item (- for none, * to show all)? (? for menu, Esc to quit)
a - a +2 dagger (weapon)
You barely miss the orc warrior.
The orc warrior is severely wounded.
The orc warrior hits you with a dire flail!!
Ouch! That really hurt!
* * * LOW HITPOINT WARNING * * *
You are too injured to fight recklessly!
A scorpion comes into view.
You hit the scorpion but do no damage. You closely miss the scorpion.
The scorpion stings you but does no damage.
You hit the scorpion but do no damage. The orc warrior barely misses you.
You completely miss the scorpion.
The scorpion stings you but does no damage.
You hit the scorpion but do no damage.
The orc warrior hits you with a dire flail!!
You die...

##.# #.$.......#.#.## #.#
#####.########.#...## #.#
#.........# #......### #.#
#.###.###.# #......... #.# ##.#
#o# ####.##### #.# #..# #.# #.#
#.#### # #)## #.# #.# #.##.##
#.##.####.# ##'## #.#.#.##
#....s@oo.# ##...## #..###.#
####.###### ##.....## ##..#.##
#(##.## ##.......##
##....########(#...####.........#
.................o)o..((........'
##....########.#...####.........#
##.#.# #.##.## ##(......## ###.##
#.##########.....## ##....#
###.#........##...##


You could see an orc warrior, a scorpion and an orc.

Vanquished Creatures
  A water moccasin (D:4)
  An ice beast (D:6)
  A sky beast (D:6)
  An orc warrior (D:6)
  A giant frog (D:6)
  A scorpion (D:7)
  2 crimson imps
  2 giant frog skeletons
  An orc priest (D:4)
  2 orc wizards
  An iguana (D:4)
  6 adders
  2 giant mites
  2 worms (D:3)
  4 giant geckos
  2 oozes
  13 orcs
  10 bats
  3 giant cockroaches
  10 hobgoblins
  6 jackals
  3 quokkas
  4 giant newts
  15 goblins
  12 kobolds
  12 rats
118 creatures vanquished.

Notes
Turn   | Place    | Note
--------------------------------------------------------------
     0 | D:1      | wojtek, the Kobold Assassin, began the quest for the Orb.
     0 | D:1      | Reached XP level 1. HP: 12/12 MP: 1/1
   107 | D:1      | Reached XP level 2. HP: 12/17 MP: 2/2
   603 | D:1      | Reached XP level 3. HP: 19/21 MP: 3/3
  1060 | D:2      | Reached skill level 5 in Short Blades
  1109 | D:2      | Reached XP level 4. HP: 16/26 MP: 4/4
  2115 | D:3      | Noticed Rayvis' ghost (average DsFi)
  2228 | D:2      | Reached skill level 6 in Short Blades
  2311 | D:3      | Found a glowing golden altar of the Shining One.
  2365 | D:3      | Noticed an ice beast
  2472 | D:3      | Reached XP level 5. HP: 6/30 MP: 5/5
  3859 | D:3      | Found a sparkling altar of Nemelex Xobeh.
  3860 | D:3      | Found a shattered altar of Ashenzari.
  3863 | D:3      | Found a shadowy altar of Dithmenos.
  3865 | D:3      | Found an ancient bone altar of Kikubaaqudgha.
  4093 | D:2      | Reached skill level 7 in Short Blades
  4381 | D:4      | Reached XP level 6. HP: 14/35 MP: 6/6
  4721 | D:4      | Reached skill level 8 in Short Blades
  4813 | D:4      | Noticed a water moccasin
  4855 | D:4      | Killed a water moccasin
  4855 | D:4      | Reached skill level 9 in Short Blades
  5334 | D:4      | Reached XP level 7. HP: 33/40 MP: 7/7
  5527 | D:4      | You fall through a shaft for 3 floors!
  6576 | D:6      | Reached XP level 8. HP: 25/48 MP: 8/8
  7264 | D:6      | Reached skill level 5 in Fighting
  7264 | D:6      | Reached skill level 5 in Dodging
  7443 | D:6      | Mangled by an orc warrior

Action                   |  1- 3 |  4- 6 |  7- 9 || total
-------------------------+-------+-------+-------++-------
Melee: Dagger            |   121 |   249 |   165 ||   535
 Fire: Blowgun           |       |     9 |    14 ||    23
  Use: Scroll            |       |     5 |       ||     5
 Stab: Sleeping          |     5 |     7 |     2 ||    14
       Distracted        |       |     3 |     1 ||     4
  Eat: Chunk             |     9 |    13 |     3 ||    25
